Description

ad

Build Order

Get SALT Encoding   

  12  0:11  Supply Depot  
  12  0:17  Refinery  
  12  0:33  Barracks  
  12  0:39  Action x3  3XGASS
  12  1:20  Marine  
  13  1:21  Factory  
  13  1:37  Marine  
  14  1:55  Marine  
  15  2:04  Starport  
  15  2:13  Marine x2  
  17  2:40  Medivac  
  19  2:49  Marine x3  
Spawning Tool Build Advisor. Get it on Overwolf

Analysis

ada

Go to:

Details

  • Created by: mbnoerd
  • Published on: Oct 12, 2024
  • Modified on: Oct 12, 2024
  • Patch: 5.0.11
  • Difficulty: Medium
Show
View Real Time Build Order
Export as new Build Order

Comments (0)

There are no comments. Be the first!

Create an account to comment!